 Dungeon Crawl Stone Soup version 0.22-a0-136-g83a10e5 (webtiles) character file.

17 Shoot2035 the Ducker (level 2, -1/21 HPs)
             Began as a Felid Berserker on Feb 2, 2018.
             Was a Follower of Trog.
             Slain by an ooze (2 damage)
             ... on level 2 of the Dungeon.
             The game lasted 00:01:01 (922 turns).

Shoot2035 the Ducker (Felid Berserker)               Turns: 922, Time: 00:01:02

Health: -1/21      AC:  1    Str: 18    XL:     2   Next: 44%
Magic:  3/3        EV: 19    Int:  8    God:    Trog [*.....]
Gold:   74         SH:  0    Dex: 15    Spells: 1/1 levels left
                                        Lives:  0   Deaths: 0

rFire    . . .     SeeInvis +     - Unarmed
rCold    . . .     Gourm    .   (shield unavailable)
rNeg     . . .     Faith    .   (armour unavailable)
rPois    .         Spirit   .   (helmet unavailable)
rElec    .         Reflect  .   (cloak unavailable)
rCorr    .         Harm     .   (gloves unavailable)
MR       .....                  (boots unavailable)
Stlth    ..........             (no amulet)
HPRegen  0.07/turn              (no ring)
MPRegen  0.08/turn              (no ring)

@: berserking, very quick
A: very small, no armour, no weapons or thrown items, stealth, claws 1, fangs 3,
see invisible, carnivore, speed 1, shaggy fur 1, slow metabolism 1, sharp paws
a: Berserk, Burn Spellbooks, Renounce Religion


You were on level 2 of the Dungeon.
You worshipped Trog.
Trog was aware of your devotion.
You were not hungry.

You visited 1 branch of the dungeon, and saw 2 of its levels.

You collected 74 gold pieces.

Inventory:

Scrolls
 c - a scroll of remove curse {unknown}
Potions
 b - a potion of curing {unknown}
Comestibles
 a - 2 rations


   Skills:
 + Level 3.2 Fighting
 + Level 4.1 Dodging
 + Level 0.7 Stealth
 + Level 3.5 Unarmed Combat


You had one spell level left.
You didn't know any spells.

Dungeon Overview and Level Annotations

Branches:
Dungeon (2/15)

Altars:


Innate Abilities, Weirdness & Mutations

You cannot wear armour.
You are incapable of wielding weapons or throwing items.
Your paws allow you to move quietly. (Stealth)
You have sharp claws.
You have razor-sharp teeth.
You have supernaturally acute eyesight. (SInv)
You are carnivorous and can eat meat at any time.
You cover ground quickly.
You are covered in fur. (AC +1)
You have a slow metabolism.
Your sharp claws are effective at attacking unaware monsters.


Message History

You claw the ooze!
The ooze is severely wounded.
The bat completely misses you. The ooze completely misses you.
The worm bites you!
Ouch! That really hurt!
* * * LOW HITPOINT WARNING * * *
You are too injured to fight recklessly!
You are too injured to fight recklessly!
You are too injured to fight recklessly!
A red film seems to cover your vision as you go berserk!
You feel yourself moving faster!
You feel mighty!
You feel a lot more hungry. The bat closely misses you. The ooze misses you.
You are too injured to fight recklessly!
You are too injured to fight recklessly!
You are too injured to fight recklessly!
You claw the bat!
You kill the bat!
Trog accepts your kill. The worm closely misses you. The ooze hits you.
You die...

...##.. ....
.....##...... # ........
.. . # #.#... .# .#..
#...# .##..##
##..######.......
#...#............
##................
#######.........@J.<....
#...#............w......
#...#.#.................
#.....#.................
#...###.........?.......
....# #................#
#...# #...............##
#...# #.......#########
#...# #######


You could see a worm and an ooze.

Vanquished Creatures
  A dart slug (D:1)
  3 bats
  3 goblins
  3 hobgoblins
  A kobold (D:1)
  2 frilled lizards (D:1)
13 creatures vanquished.

Notes
Turn   | Place    | Note
-------+----------+-------------------------------------------
     0 | D:1      | Shoot2035 the Felid Berserker began the quest for the Orb.
     0 | D:1      | Reached XP level 1. HP: 10/10 MP: 2/2
   176 | D:1      | Reached XP level 2. HP: 10/14 MP: 3/3
   922 | D:2      | Slain by an ooze

Vault maps used:
D:1:      erik_arrival_cave_to_civilisation
D:2:      lemuel_doored_altar, first_ration, minmay_pentomino_u2, uniq_natasha

Action                   || total
-------------------------++-------
Melee: Unarmed           ||    36
       Bite              ||     1
Invok: Berserk           ||     1
 Stab: Sleeping          ||     3
Armor: Skin              ||     3
Dodge: Dodged            ||    42

Table legend:
 A = Spawn XP
 B = Non-spawn XP
 C = Spawn XP percentage of total XP
 D = Spawn monster count
 E = Non-spawn monster count
 F = Spawn count percentage of total count
 G = Total turns spent on level
                    A         B        C        D         E        F      G
               +---------+---------+-------+---------+---------+-------+---------
         Total |       0 |      25 |   0.0 |       0 |      13 |   0.0 |   922
               +---------+---------+-------+---------+---------+-------+---------
           D:1 |       0 |      19 |   0.0 |       0 |      10 |   0.0 |   882
           D:2 |       0 |       6 |   0.0 |       0 |       3 |   0.0 |    40
               +---------+---------+-------+---------+---------+-------+---------
